 Dungeon Crawl Stone Soup version 0.22-a0-609-gfedc9ff (webtiles) character file.

2070389 kuniqs the Talismancer (level 27, 296/296 HPs)
             Began as a Deep Dwarf Fighter on July 10, 2018.
             Was the Champion of Makhleb.
             Escaped with the Orb
             ... and 3 runes!
             The game lasted 01:53:27 (50106 turns).

kuniqs the Talismancer (Deep Dwarf Fighter)        Turns: 50106, Time: 01:53:28

Health: 296/296    AC: 52    Str: 33    XL:     27
Magic:  13/13      EV: 11    Int:  7    God:    Makhleb [******]
Gold:   714        SH: 29    Dex: 11    Spells: 26/26 levels left

rFire    + + +     SeeInvis +   a - +9 broad axe (freeze)
rCold    + . .     Gourm    .   N - +0 large shield {AC+3}
rNeg     + + +     Faith    .   A - +9 gold dragon scales
rPois    +         Spirit   .   o - +0 helmet {SInv}
rElec    .         Reflect  +   Q - +1 cloak of Blue Skies {rF++ rN++ Int-2}
rCorr    .         Harm     .   F - +2 pair of gloves {archery}
MR       ++++.                  C - +1 pair of boots
Stlth    ..........             Y - amulet "Zoefub" {Reflect +Inv rPois rN+ Dex-3 SH+3}
HPRegen  0.00/turn              (no ring)
MPRegen  0.13/turn              S - ring of Fedhas's Hatred {AC+2 Dex+4 Slay+2}

@: non-regenerating
A: damage resistance, heal wounds, hooves 1, iridescent scales 1, clumsy 1,
negative energy resistance 1, sense surroundings 3, subdued magic 1, no
regeneration
0: Orb of Zot
}: 3/15 runes: serpentine, barnacled, silver
a: Heal Wounds, Minor Destruction, Lesser Servant of Makhleb, Major Destruction,
Greater Servant of Makhleb, Renounce Religion, Evoke Invisibility


You escaped.
You worshipped Makhleb.
Makhleb was exalted by your worship.
You were very full.

You visited 11 branches of the dungeon, and saw 53 of its levels.
You visited the Abyss 1 time.
You also visited: Wizlab.

You collected 8761 gold pieces.
You spent 8047 gold pieces at shops.

Inventory:

Hand Weapons
 a - a +9 broad axe of freezing (weapon)
Armour
 o - a +0 helmet of see invisible (worn)
 A - +9 gold dragon scales (worn)
 C - a +1 pair of boots (worn)
 F - a +2 pair of gloves of archery (worn)
 N - a +0 large shield of protection (worn)
 Q - the +1 cloak of Blue Skies (worn) {rF++ rN++ Int-2}
   (You found it in a wizard's laboratory)

   It affects your intelligence (-2).
   It greatly protects you from fire.
   It greatly protects you from negative energy.
Jewellery
 S - the ring of Fedhas's Hatred (right hand) {AC+2 Dex+4 Slay+2}
   (You bought it in a shop on level 1 of the Elven Halls)

   [ring of protection]

   It affects your AC (+2).
   It affects your dexterity (+4).
   It affects your accuracy and damage with ranged weapons and melee attacks
   (+2).
 Y - the amulet "Zoefub" (around neck) {Reflect +Inv rPois rN+ Dex-3 SH+3}
   (You bought it in a shop on level 2 of the Orcish Mines)

   [amulet of reflection]

   It shields you and reflects attacks.
   It affects your dexterity (-3).
   It protects you from poison.
   It protects you from negative energy.
   It lets you turn invisible.
   It affects your SH (+3).
Wands
 b - a wand of polymorph (20)
 c - a wand of enslavement (1)
 q - a wand of disintegration (25)
 y - a wand of clouds (6)
 z - a wand of flame (22)
 H - a wand of acid (11)
 I - a wand of paralysis (4)
 K - a wand of iceblast (12)
 M - a wand of digging (32)
 Z - a wand of scattershot (1)
Scrolls
 e - 5 scrolls of immolation
 h - 23 scrolls of remove curse {@r2}
 i - 3 scrolls of vulnerability
 k - 15 scrolls of identify {@r1}
 t - 2 scrolls of holy word
 w - 25 scrolls of teleportation
 x - a scroll of summoning
 B - a scroll of blinking
 L - 9 scrolls of fear
 O - 13 scrolls of fog
Potions
 d - 2 potions of might
 g - 6 potions of agility
 j - 4 potions of cancellation
 l - 21 potions of heal wounds
 n - 6 potions of invisibility
 u - 5 potions of haste
 v - a potion of resistance
 D - 12 potions of curing {@q1}
 E - 6 potions of lignification
 U - 13 potions of mutation
 W - 2 potions of ambrosia
Miscellaneous
 m - a fan of gales
 r - 2 sacks of spiders
 s - a lightning rod (4/4)
 G - a phial of floods
 P - a lamp of fire
 R - 2 phantom mirrors
 V - 4 boxes of beasts
Comestibles
 f - 80 rations


   Skills:
 + Level 26.6 Fighting
 - Level 21.8 Axes
 - Level 22.0 Armour
 - Level 10.0 Dodging
 - Level 22.8 Shields
 - Level 8.0 Invocations
 O Level 27 Evocations


You had 26 spell levels left.
You didn't know any spells.
Your spell library was empty.

Dungeon Overview and Level Annotations

Branches:
Dungeon (15/15)            Temple (1/1) D:4            Lair (6/6) D:10
 Shoals (4/4) Lair:2        Snake (4/4) Lair:3        Slime (0/5) Lair:5
    Orc (2/2) D:10            Elf (3/3) Orc:2        Vaults (5/5) D:13
  Crypt (3/3) Vaults:2     Depths (5/5) D:15            Zot (5/5) Depths:5
   Tomb: Crypt:3

Altars:
Ashenzari
Cheibriados
Dithmenos
Elyvilon
Fedhas
Gozag
Hepliaklqana
Kikubaaqudgha
Makhleb
Nemelex Xobeh
Okawaru
Qazlal
Ru
Sif Muna
Trog
Uskayaw
Vehumet
Wu Jian
Xom
Yredelemnul
Zin
The Shining One

Shops:
D:4 }   D:15 *   Orc:2 }(*%   Elf:1 }}=   Elf:2 [   Elf:3 [   Shoals:1 %?(*
Shoals:3 (   Vaults:2 [   Zot:4 *   Depths:1 }:(   Depths:3 *[!%

Portals:
Hell: Lair:6 Depths:1 Depths:2 Depths:3 Depths:4 Depths:5
Abyss: Depths:3 Depths:4 Depths:5
Pandemonium: Depths:1 Depths:2 Depths:3
Ziggurat: Depths:5

Annotations:
D:4 2 runed doors, Meatbag's ghost, amateur MiFi
D:7 2 runed doors, ZomBoFoB's ghost, novice OgGl
Lair:6 3 runed doors, ThisFiasco's ghost, journeyman DsAK
Elf:2 3 runed doors
Zot:1 1 runed door, Alojer's ghost, legendary DDFi


Innate Abilities, Weirdness & Mutations

You are resistant to damage.
You can heal yourself by infusing magical energy.
You resist negative energy. (rN+)
You passively map a large area around you.
You do not regenerate.
You have large cloven feet.
You are partially covered in iridescent scales. (AC +2)
You are clumsy. (Dex -2)
Your spells are a little easier to cast, but a little less powerful.


Message History

Tha hellwin' misses ye.
Tha hellwin' hits ye but does nay damage. x2
Ye block tha hellwin''s attack.
Ye hit tha hellwin'.
Ye freeze tha hellwin'.
Ye kill tha hellwin'!
Makhleb accepts yer kill.
Ye slice tha hellwin'!!
Ye freeze tha hellwin'!
Ye kill tha hellwin'!
Makhleb accepts yer kill.
Ye completely miss tha hellwin'.
Ye hit tha hellwin'.
Ye freeze tha hellwin'.
Tha hellwin' closely misses ye.
Ye block tha hellwin''s attack.
Ye closely miss tha hellwin'.
Ye block tha hellwin''s attack. x2
Ye hit tha hellwin'.
Ye freeze tha hellwin'.
Ye block tha hellwin''s attack. x2
Ye slash tha hellwin'!
Ye freeze tha hellwin'.
Ye slash tha hellwin'!
Ye freeze tha hellwin'.
Ye kill tha hellwin'!
Makhleb accepts yer kill.
Thar be a staircase leadin' outta tha dungeon 'ere.
Ye haf 'scaped!

..#(..#...##PP.......##...#...#..
..#...#...####....P####...#...#..
..#...#...##.###'###.##...#...#..
..#...#...#...#...#...#...#...#..
......#...#...#.>.#...#...#......
......#...#...#...#...#...#......
##............#...#............##
#####.....................######
######.....@.....###### #...
####################.##
#..................รท..
#.#################.## #.# #.#
#.# #.# #.# #.## #.# #... #.#
####


There were no monsters in sight!

Vanquished Creatures
  2 orbs of fire (Zot:5)
  4 ancient liches
  Mennas (Vaults:2)
  A juggernaut (Depths:4)
  A greater mummy (Crypt:1)
  Sojobo (Vaults:4)
  A curse toe (Crypt:3)
  Saint Roka (Vaults:4)
  5 pandemonium lords
  Frederick (Vaults:4)
  7 caustic shrikes
  3 Killer Klowns (Zot:5)
  7 golden dragons
  A profane servitor (Crypt:3)
  A bone dragon (Depths:5)
  3 electric golems
  A Brimstone Fiend (Depths:4)
  Rupert (Orc:2)
  17 tentacled monstrosities
  23 Orb Guardians
  The ghost of Dyivuergh the Tortoise, an adept GrFi of Makhleb (Crypt:3)
  2 deep elf blademasters (Elf:3)
  5 quicksilver dragons
  4 titans
  2 deep elf master archers (Elf:3)
  10 liches
  4 sphinxes
  A kraken (Shoals:2)
  7 death cobs
  An eldritch tentacle (WizLab)
  Frances (Shoals:1)
  An Executioner (Depths:4)
  6 shadow dragons
  3 tengu reavers
  9 ancient champions
  14 storm dragons
  5 draconian monks
  7 revenants
  14 fire giants
  2 orc warlords (Depths:3)
  5 nagarajas (Snake:4)
  7 deep elf sorcerers
  4 draconian knights
  21 vault wardens
  13 frost giants
  A ghost moth (Zot:4)
  A caustic shrike zombie (Crypt:3)
  A balrug (Depths:2)
  6 draconian scorchers
  4 iron dragons
  A curse skull (Crypt:3)
  6 draconian shifters
  4 ghouls
  7 draconian stormcallers
  2 spriggan defenders
  8 deep elf elementalists
  6 entropy weavers
  22 stone giants
  A reaper (D:15)
  19 ironheart preservers
  12 vampire knights
  7 deep elf demonologists
  A war gargoyle (Vaults:5)
  8 very ugly things
  2 draconian annihilators (Zot:1)
  8 deep elf annihilators
  17 black draconians
  13 green draconians
  4 spark wasps
  13 red draconians
  15 yellow draconians
  9 purple draconians
  14 white draconians
  Snorg (Orc:2)
  18 ettins
  3 merfolk javelineers (Shoals:4)
  A green death (D:9)
  6 eidola
  7 merfolk impalers
  12 deep elf death magi
  A quicksilver dragon zombie (Crypt:1)
  9 fire dragons
  14 yaktaur captains
  22 jiangshi
  14 ogre magi
  4 deep elf high priests
  12 ice dragons
  8 hydras
  11 naga warriors
  A hell beast (D:5)
  A great orb of eyes (shapeshifter) (Vaults:5)
  7 rakshasas
  49 vault guards
  A quicksilver dragon skeleton (Crypt:3)
  10 centaur warriors
  3 merfolk avatars (Shoals:4)
  9 great orbs of eyes
  3 alligator snapping turtles
  12 anacondas
  3 spriggan air magi
  Erica (D:9)
  6 death knights
  4 merfolk aquamancers (Shoals:4)
  53 two-headed ogres
  9 deep troll shamans
  15 dancing weapons
  2 titan zombies
  A thrashing horror (WizLab)
  A queen ant (Lair:5)
  2 satyrs (Shoals:2)
  5 tengu warriors
  A death yak (Lair:6)
  12 vampire magi
  7 deep troll earth magi
  3 spriggan berserkers (Depths:2)
  A hell hog (D:15)
  14 naga sharpshooters
  5 orc high priests
  10 large abominations
  4 soul eaters
  2 shock serpents (Snake:3)
  A sun demon (Lair:6)
  5 shadow wraiths
  14 deep elf knights
  A storm dragon zombie (Crypt:1)
  2 sixfirhies
  9 iron trolls
  14 hell knights
  A salamander mystic (Snake:4)
  A fire crab (shapeshifter) (Elf:1)
  An anaconda zombie (Crypt:1)
  2 spark wasp zombies
  22 skeletal warriors
  14 sea snakes
  4 wizards
  5 unseen horrors
  30 deep trolls
  A golden dragon zombie (Crypt:3)
  8 flayed ghosts
  5 naga ritualists
  26 ironbrand convokers
  15 deep elf archers
  9 glowing orange brains
  An obsidian statue (WizLab)
  A swamp dragon (D:12)
  A lindwurm (Lair:4)
  An anaconda skeleton (Crypt:3)
  A shadow dragon zombie (Crypt:1)
  15 harpies
  15 phantasmal warriors
  A wolf spider zombie (Crypt:1)
  6 orc sorcerers
  8 necromancers
  14 orc knights
  An orb spider (shapeshifter) (Depths:5)
  A golden dragon skeleton (Depths:2)
  A shining eye (shapeshifter) (Vaults:5)
  2 fire giant zombies
  A sphinx zombie (Vaults:2)
  8 salamanders
  7 wolf spiders
  56 deep elf magi
  A stone giant zombie (Crypt:3)
  5 mana vipers
  4 cyclopes
  14 fauns
  23 moths of wrath
  25 ugly things
  2 guardian serpents
  10 manticores
  16 merfolk sirens
  A moth of wrath (shapeshifter) (Vaults:5)
  4 oklob plants (Lair:1)
  A shock serpent zombie (Crypt:3)
  An elephant (shapeshifter) (Vaults:5)
  A rust devil (D:6)
  35 black mambas
  7 water nymphs
  7 elephants
  28 naga magi
  2 guardian serpents (shapeshifter)
  A dire elephant zombie (Crypt:3)
  2 stone giant skeletons
  An apocalypse crab (Abyss:2)
  A frost giant skeleton (Depths:2)
  2 gargoyles
  A human skeleton (Vaults:2)
  A smoke demon (Zot:5)
  2 orange demons
  5 spiny frogs
  5 rime drakes
  15 vault sentinels
  A spiny frog (shapeshifter) (Vaults:2)
  An elephant slug zombie (Crypt:2)
  A komodo dragon (shapeshifter) (Vaults:5)
  An elf skeleton (Depths:2)
  A kobold demonologist (D:14)
  3 tengu conjurers
  15 freezing wraiths
  5 komodo dragons
  A rime drake (shapeshifter) (Depths:3)
  2 hydra zombies
  A black draconian skeleton (Crypt:1)
  A tormentor (Zot:5)
  5 guardian mummies
  A white draconian skeleton (Crypt:1)
  4 ice devils
  57 yaktaurs
  A red draconian skeleton (Crypt:2)
  A jumping spider (shapeshifter) (Elf:3)
  A meliai (shapeshifter) (Depths:2)
  A red devil (Lair:6)
  A queen bee (Lair:4)
  10 hellwings
  An ancient zyme (Abyss:2)
  3 meliai (Lair:4)
  8 trolls
  28 merfolk
  3 hornets
  An ettin zombie (Vaults:2)
  An ice dragon zombie (Crypt:1)
  2 blink frogs (shapeshifter)
  A guardian serpent zombie (Crypt:2)
  A frost giant simulacrum (Depths:2)
  Grinder (D:5)
  5 snapping turtles
  A tarantella zombie (Crypt:3)
  14 blink frogs
  A spriggan zombie (Depths:2)
  A dream sheep (shapeshifter) (Vaults:2)
  35 slime creatures
  10 hippogriffs
  5 wind drakes
  2 alligator zombies (Crypt:1)
  7 dream sheep
  5 flying skulls
  A shadow (D:12)
  4 air elementals
  5 redbacks (Vaults:5)
  A spriggan (D:7)
  3 wyverns
  33 water elementals
  31 yaks
  6 vampires
  A black mamba zombie (Crypt:1)
  2 spriggans (shapeshifter) (Vaults:5)
  A hog (shapeshifter) (Depths:1)
  A human (Depths:3)
  A tyrant leech zombie (Crypt:1)
  15 wraiths
  5 ynoxinuls
  2 basilisks (shapeshifter)
  2 elf simulacra (Depths:2)
  4 fire elementals
  3 basilisks
  A hungry ghost (D:13)
  2 neqoxecs
  3 chaos spawn
  10 wargs
  A water nymph zombie (Crypt:3)
  A merfolk zombie (Crypt:1)
  An acid dragon (Vaults:2)
  A spiny frog zombie (Crypt:1)
  34 nagas
  16 soldier ants (Lair:5)
  A two-headed ogre skeleton (Crypt:3)
  3 porcupines
  13 water moccasins
  A hornet zombie (D:6)
  A floating eye (Depths:2)
  A black bear (D:12)
  44 orc warriors
  6 sky beasts
  An ice beast (shapeshifter) (Depths:2)
  An ettin simulacrum (Vaults:3)
  An eye of draining (shapeshifter) (Vaults:4)
  33 ogres
  A phantom (D:7)
  3 ice beasts
  A snapping turtle zombie (Crypt:3)
  22 wolves
  2 necrophages
  17 boggarts
  An elephant skeleton (Crypt:3)
  18 centaurs
  15 crocodiles
  A rime drake zombie (Crypt:1)
  A big kobold (D:11)
  A komodo dragon zombie (Crypt:3)
  12 bullfrogs
  5 earth elementals
  4 scorpions
  9 small abominations
  45 killer bees
  A wight (Crypt:2)
  An electric eel (D:15)
  A howler monkey (D:7)
  7 crimson imps
  3 quasits
  4 bullfrog zombies
  2 centaur zombies
  6 hounds
  A human simulacrum (Vaults:2)
  8 jellies
  3 centaur skeletons
  19 orc priests
  2 iron imps
  30 orc wizards
  A bullfrog skeleton (D:10)
  A gnoll shaman (D:7)
  A basilisk skeleton (Crypt:2)
  A black bear skeleton (Crypt:2)
  A hell rat (Lair:4)
  A porcupine zombie (Crypt:2)
  3 iguanas
  39 worker ants
  2 spectral hounds (Depths:3)
  2 hound skeletons
  10 mummies
  A worker ant zombie (D:9)
  Robin (D:2)
  7 gnolls
  15 adders
  A river rat (Lair:4)
  4 shadow imps
  3 oozes
  2 adder zombies
  A dart slug (D:2)
  7 leopard geckos
  101 orcs
  A giant cockroach (D:5)
  15 goblins
  7 hobgoblins
  24 jackals
  16 kobolds
  5 quokkas
  A bat (D:2)
  A frilled lizard (D:3)
  A jackal zombie (D:6)
  A leopard gecko skeleton (D:4)
  An orc simulacrum (Crypt:3)
  8 rats
  9 crawling corpses
  4 fungi
  6 plants
  3 tentacles (Shoals:2)
2499 creatures vanquished.

Vanquished Creatures (collateral kills)
  Bai Suzhen (Shoals:4)
  2 pandemonium lords
  A tengu reaver (Vaults:4)
  A cacodemon (Zot:5)
  A stone giant (Vaults:4)
  An eidolon (Crypt:3)
  A dire elephant (Lair:6)
  Josephine (Lair:4)
  A naga warrior (Snake:4)
  4 death yaks (Lair:6)
  2 orc high priests (Orc:2)
  2 naga ritualists (Snake:4)
  2 orc knights (Orc:2)
  An orc sorcerer (Orc:2)
  A mana viper (Snake:4)
  An elephant (Lair:4)
  A black mamba (Snake:4)
  2 orange demons
  A komodo dragon (Lair:2)
  4 spiny frogs
  A rime drake (Lair:6)
  A red devil (Lair:6)
  A troll (Orc:2)
  3 blink frogs (Lair:2)
  2 hippogriffs
  4 dream sheep (Lair:5)
  2 wraiths (Lair:4)
  A wyvern (Lair:6)
  6 yaks (Lair:6)
  A soldier ant (Lair:6)
  4 hell hounds (Lair:6)
  A wolf (Lair:5)
  2 crocodiles
  A bullfrog (Lair:4)
  A killer bee (Lair:4)
  5 orc priests (Orc:2)
  2 orc wizards (Orc:2)
  A shadow imp (Zot:5)
  A white imp (Zot:5)
  2 orcs (Orc:2)
73 creatures vanquished.

Vanquished Creatures (others)
  Vashnia (Snake:2)
  A tengu reaver (Vaults:5)
  2 deep elf sorcerers
  3 stone giants
  2 merfolk javelineers
  3 yaktaur captains
  2 satyrs
  2 centaur warriors
  A naga sharpshooter (Snake:2)
  A skeletal warrior (Vaults:2)
  2 deep elf archers
  A necromancer (Crypt:2)
  A deep elf mage (Elf:3)
  3 cyclopes (Depths:3)
  A manticore (Shoals:2)
  A moth of wrath (Zot:5)
  A naga mage (Snake:4)
  7 yaktaurs
  An ice devil (D:1)
  A merfolk (Shoals:2)
  A naga (Snake:4)
  2 boggarts (Depths:1)
  5 centaurs
  An orc (Vaults:5)
  15 fungi
  23 plants
  6 tentacles (Shoals:2)
90 creatures vanquished.

Grand Total: 2662 creatures vanquished

Notes
Turn   | Place    | Note
-------+----------+-------------------------------------------
     0 | D:1      | kuniqs the Deep Dwarf Fighter began the quest for the Orb.
     0 | D:1      | Reached XP level 1. HP: 20/20 MP: 1/1
   366 | D:1      | Reached XP level 2. HP: 24/27 MP: 2/2
   481 | D:1      | Reached skill level 1 in Dodging
   949 | D:1      | Reached XP level 3. HP: 34/34 MP: 3/3
  1219 | D:2      | Found a sparkling altar of Nemelex Xobeh.
  1305 | D:2      | Noticed Robin
  1326 | D:2      | Reached XP level 4. HP: 42/42 MP: 4/4
  1335 | D:2      | Killed Robin
  1862 | D:3      | Found a faded altar of an unknown god.
  2083 | D:3      | Reached XP level 5. HP: 36/49 MP: 5/5
  2522 | D:4      | Found Ibres's Gadget Shop.
  2542 | D:4      | Bought a wand of polymorph (8) for 120 gold pieces
  2682 | D:4      | Found a staircase to the Ecumenical Temple.
  2689 | Temple   | Entered the Ecumenical Temple
  2897 | D:4      | Found a deep blue altar of Sif Muna.
  2948 | D:4      | Found a large runed door.
  2950 | D:4      | Found a large runed door.
  2952 | D:4      | Noticed Meatbag's ghost (amateur MiFi)
  3063 | D:5      | Entered Level 5 of the Dungeon
  3129 | D:5      | Noticed Grinder
  3140 | D:5      | Killed Grinder
  3140 | D:5      | Reached skill level 2 in Evocations
  3140 | D:5      | Reached XP level 6. HP: 51/57 MP: 5/7
  3249 | D:5      | Reached XP level 7. HP: 56/63 MP: 8/8
  3490 | D:5      | Found a shimmering altar of Xom.
  3500 | D:5      | Reached skill level 5 in Armour
  3601 | D:5      | Reached skill level 5 in Shields
  3601 | D:5      | Reached skill level 3 in Evocations
  3644 | D:5      | Found a blossoming altar of Fedhas.
  3647 | D:5      | Found a stormy altar of Qazlal.
  3745 | D:5      | Found a sparkling altar of Nemelex Xobeh.
  4100 | D:5      | Reached XP level 8. HP: 65/73 MP: 9/9
  4264 | D:6      | Reached skill level 4 in Evocations
  4266 | D:6      | Reached skill level 5 in Axes
  4494 | D:6      | Found a bloodstained altar of Trog.
  4506 | D:6      | Found the +7 sceptre of Torment
  4526 | D:6      | Reached skill level 5 in Fighting
  4530 | D:6      | Got an uncursed encrusted dagger {venom}
  4531 | D:6      | Identified the +12 dagger "Paatuecami" {venom, Str+5} (You took it off a centaur on level 6 of the Dungeon)
  4603 | D:6      | Reached skill level 5 in Evocations
  4651 | D:6      | Found a radiant altar of Vehumet.
  4776 | D:7      | Reached skill level 5 in Dodging
  4854 | D:7      | Gained mutation: You passively map the area around you. [Deep Dwarf growth]
  4854 | D:7      | Reached XP level 9. HP: 75/81 MP: 11/11
  5207 | D:7      | Found an iron altar of Okawaru.
  5360 | D:7      | Found a large runed door.
  5360 | D:7      | Found a large runed door.
  5363 | D:7      | Noticed ZomBoFoB's ghost (novice OgGl)
  5499 | D:7      | Found a snail-covered altar of Cheibriados.
  5840 | D:8      | Found an ornate altar of the Wu Jian Council.
  5840 | D:8      | Found a hide-covered altar of Uskayaw.
  5861 | D:8      | Reached skill level 6 in Evocations
  5949 | D:8      | Found a burning altar of Makhleb.
  5961 | D:8      | Became a worshipper of Makhleb the Destroyer
  6235 | D:8      | Got a spiked ring mail
  6266 | D:8      | Found an ancient bone altar of Kikubaaqudgha.
  6426 | D:9      | Reached skill level 1 in Invocations
  6476 | D:9      | Reached XP level 10. HP: 64/91 MP: 14/14
  6531 | D:9      | Noticed Erica
  6550 | D:9      | Killed Erica
  6550 | D:9      | Reached skill level 7 in Evocations
  6602 | D:9      | Reached * piety under Makhleb
  6718 | D:9      | Noticed a two-headed ogre
  6735 | D:9      | Killed a two-headed ogre
  7109 | D:9      | Found a blossoming altar of Fedhas.
  7424 | D:10     | Entered Level 10 of the Dungeon
  7553 | D:10     | Found a staircase to the Orcish Mines.
  7686 | D:10     | Noticed a gargoyle
  7699 | D:10     | Killed a gargoyle
  7708 | D:10     | Found a staircase to the Lair.
  7708 | D:10     | Noticed a two-headed ogre
  7728 | D:10     | Killed a two-headed ogre
  7743 | D:10     | Found a white marble altar of Elyvilon.
  7755 | D:10     | Got a heavily runed ivory amulet
  7756 | D:10     | Identified the amulet "Hiwicukoth" {Faith Str+3} (You found it on level 10 of the Dungeon)
  7784 | D:10     | Reached skill level 8 in Evocations
  7955 | D:10     | Identified the +3 ring mail of Inference {Int+3 Dex+4 Stlth+} (You found it on level 8 of the Dungeon)
  8223 | D:11     | Reached skill level 5 in Invocations
  8293 | D:11     | Reached ** piety under Makhleb
  8351 | D:11     | Killed an unseen horror
  8351 | D:11     | Reached XP level 11. HP: 69/99 MP: 15/15
  8693 | Lair:1   | Entered Level 1 of the Lair of Beasts
  8987 | Lair:1   | Noticed an oklob plant
  8993 | Lair:1   | Noticed an oklob plant
  8999 | Lair:1   | Killed an oklob plant
  9006 | Lair:1   | Noticed an oklob plant
  9014 | Lair:1   | Killed an oklob plant
  9032 | Lair:1   | Killed an oklob plant
  9048 | Lair:1   | Noticed an oklob plant
  9062 | Lair:1   | Killed an oklob plant
  9196 | Lair:1   | Reached skill level 9 in Evocations
  9671 | Lair:2   | Noticed an eight-headed hydra
  9683 | Lair:2   | Killed an eight-headed hydra
  9712 | Lair:2   | Reached *** piety under Makhleb
  9969 | Lair:2   | Found a staircase to the Shoals.
  9990 | Lair:2   | Reached XP level 12. HP: 71/110 MP: 16/16
 10671 | Lair:3   | Reached skill level 10 in Evocations
 10678 | Lair:3   | Found a staircase to the Snake Pit.
 10695 | Lair:3   | Reached **** piety under Makhleb
 10836 | Lair:3   | Noticed an eight-headed hydra
 10849 | Lair:3   | Killed an eight-headed hydra
 11575 | Lair:4   | Noticed Josephine
 11604 | Lair:4   | Killed Josephine
 11624 | Lair:4   | Reached skill level 10 in Armour
 11631 | Lair:4   | Reached skill level 10 in Shields
 11742 | Lair:4   | Reached ***** piety under Makhleb
 11812 | Lair:4   | Reached skill level 10 in Axes
 11824 | Lair:4   | Reached XP level 13. HP: 90/118 MP: 16/16
 11914 | Lair:4   | Reached skill level 11 in Evocations
 12777 | Lair:5   | Noticed an entropy weaver
 12785 | Lair:5   | Reached skill level 10 in Dodging
 12793 | Lair:5   | Killed an entropy weaver
 12835 | Lair:5   | Noticed an entropy weaver
 12847 | Lair:5   | Killed an entropy weaver
 12867 | Lair:5   | Reached ****** piety under Makhleb
 13015 | Lair:5   | Found a staircase to the Slime Pits.
 13423 | Lair:6   | Entered Level 6 of the Lair of Beasts
 13540 | Lair:6   | Reached skill level 12 in Evocations
 13832 | Lair:6   | Found a runed gate.
 13832 | Lair:6   | Found a runed gate.
 13832 | Lair:6   | Found a runed gate.
 13836 | Lair:6   | Noticed ThisFiasco's ghost (journeyman DsAK)
 14046 | Lair:6   | Noticed a dire elephant
 14049 | Lair:6   | Gained mutation: You resist negative energy. (rN+) [Deep Dwarf growth]
 14049 | Lair:6   | Reached XP level 14. HP: 130/130 MP: 17/17
 14421 | Lair:6   | Found a burning altar of Makhleb.
 14460 | Lair:6   | Found a gateway to Hell.
 14837 | D:12     | Reached skill level 10 in Fighting
 15106 | D:12     | Noticed Urug
 15126 | D:12     | Noticed Urug
 15126 | D:12     | Urug changed into Urug the swamp dragon
 15138 | D:12     | Killed Urug the swamp dragon
 15331 | D:12     | Reached skill level 13 in Evocations
 16127 | D:13     | Found a gate to the Vaults.
 16914 | D:14     | Noticed Nessos
 16916 | D:14     | Noticed Nessos
 16916 | D:14     | Nessos changed into Nessos the dream sheep
 16923 | D:14     | Killed Nessos the dream sheep
 17777 | D:14     | Reached XP level 15. HP: 140/140 MP: 19/19
 17927 | D:15     | Entered Level 15 of the Dungeon
 17954 | D:15     | Found a basalt altar of Yredelemnul.
 17986 | D:15     | Found Duepuz's General Store.
 18427 | D:15     | Cast into level 2 of the Abyss (rakshasa)
 18428 | Abyss:2  | YAAAAAY
 18443 | Abyss:2  | Found a corrupted altar of Lugonu.
 18489 | Abyss:2  | Found a corrupted altar of Lugonu.
 18519 | D:15     | Escaped the Abyss
 18674 | D:15     | Reached skill level 14 in Evocations
 18801 | D:15     | Found a staircase to the Depths.
 19155 | Orc:1    | Entered Level 1 of the Orcish Mines
 19568 | Orc:2    | Entered Level 2 of the Orcish Mines
 19698 | Orc:2    | Found Cozic's Food Boutique.
 19698 | Orc:2    | Found Dipust's Assorted Antiques.
 19700 | Orc:2    | Found Xout Viwn's Antique Weapon Boutique.
 19700 | Orc:2    | Found Nuzit's Gadget Shoppe.
 19728 | Orc:2    | Bought a wand of iceblast (4) for 88 gold pieces
 19730 | Orc:2    | Bought a heavily runed emerald amulet for 115 gold pieces
 19730 | Orc:2    | Bought an encrusted fluorescent wand for 92 gold pieces
 19730 | Orc:2    | Bought a broad axe for 92 gold pieces
 19745 | Orc:2    | Bought a scroll of enchant weapon for 172 gold pieces
 19745 | Orc:2    | Bought a scroll of enchant weapon for 172 gold pieces
 19907 | Orc:2    | Found a staircase to the Elven Halls.
 20064 | Orc:2    | Noticed Snorg
 20081 | Orc:2    | Killed Snorg
 20089 | Orc:2    | Noticed Rupert
 20113 | Orc:2    | Killed Rupert
 20305 | Orc:2    | Identified the amulet "Zoefub" {Reflect +Inv rPois rN+ Dex-3 SH+3} (You bought it in a shop on level 2 of the Orcish Mines)
 20306 | Orc:2    | YEY
 20441 | Snake:1  | Entered Level 1 of the Snake Pit
 21630 | Snake:2  | Noticed Vashnia
 21663 | Snake:2  | Reached XP level 16. HP: 151/151 MP: 18/18
 21672 | Snake:2  | Found a hazy altar of Hepliaklqana.
 21679 | Snake:2  | Reached skill level 15 in Evocations
 21768 | Snake:2  | Killed Vashnia
 23066 | Snake:4  | Entered Level 4 of the Snake Pit
 23432 | Snake:4  | Reached skill level 16 in Evocations
 23522 | Snake:4  | Reached XP level 17. HP: 128/162 MP: 13/17
 23582 | Snake:4  | Got a serpentine rune of Zot
 24225 | Shoals:1 | Entered Level 1 of the Shoals
 24225 | Shoals:1 | Found Visulyr's Magic Scroll Shoppe.
 24225 | Shoals:1 | Found Sugh's Antique Weapon Shoppe.
 24269 | Shoals:1 | Bought a scroll of acquirement for 520 gold pieces
 24269 | Shoals:1 | Bought a scroll of enchant armour for 75 gold pieces
 24385 | Shoals:1 | Found Heukomye's Food Shoppe.
 24530 | Shoals:1 | Found Ynioh's Assorted Antiques.
 24530 | Shoals:1 | Noticed Frances
 24538 | Shoals:1 | Killed Frances
 24547 | Shoals:1 | Bought a scroll of enchant armour for 277 gold pieces
 24547 | Shoals:1 | Bought a wand of acid (8) for 296 gold pieces
 24819 | Shoals:2 | Noticed a kraken
 24828 | Shoals:2 | YOUR MOTHER
 24835 | Shoals:2 | Killed a kraken
 24956 | Shoals:2 | Reached skill level 15 in Armour
 25019 | Shoals:2 | Reached skill level 15 in Shields
 25139 | Shoals:2 | Got a clouded lead ring
 25279 | Shoals:2 | Reached skill level 15 in Axes
 25313 | Shoals:2 | Identified the ring "Foubig" {rN++ Str+5} (You found it on level 2 of the Shoals)
 25871 | Shoals:3 | Found Ukhloukh's Weapon Shop.
 26099 | Shoals:4 | Entered Level 4 of the Shoals
 26099 | Shoals:4 | Noticed Bai Suzhen
 26126 | Shoals:4 | Reached skill level 17 in Evocations
 26241 | Shoals:4 | Got a barnacled rune of Zot
 26437 | Shoals:4 | Gained mutation: You passively map a large area around you. [Deep Dwarf growth]
 26437 | Shoals:4 | Reached XP level 18. HP: 171/171 MP: 18/18
 26566 | Shoals:4 | Got a scorched shield
 26577 | Shoals:4 | Identified the +5 shield "Huutoach" {+Inv rN+} (You acquired it on level 4 of the Shoals)
 26600 | Shoals:4 | Got slimy swamp dragon scales
 26612 | Shoals:4 | Identified the +6 swamp dragon scales "Ynepiaj" {rPois rN++ Stlth-} (You took it off a merfolk on level 4 of the Shoals)
 26996 | Shoals:4 | Killed Bai Suzhen
 27522 | Vaults:1 | Entered Level 1 of the Vaults
 27591 | Vaults:1 | Got an ancient golden amulet
 27613 | Vaults:1 | Identified the amulet of Pegigena {Acrobat rC+ rN+} (You found it on level 1 of the Vaults)
 27987 | Vaults:1 | Reached skill level 18 in Evocations
 28873 | Vaults:2 | Reached XP level 19. HP: 182/182 MP: 18/18
 29283 | Vaults:2 | Noticed Mennas
 29304 | Vaults:2 | Killed Mennas
 29428 | Vaults:2 | Got a twitching brass ring
 29488 | Vaults:2 | Found a staircase to the Crypt.
 29621 | Vaults:2 | Identified the ring of Cewemogh {*Tele Str+4} (You found it on level 2 of the Vaults)
 29746 | Vaults:2 | Reached skill level 19 in Evocations
 29781 | Vaults:2 | Found Xaryinit's Antique Armour Shop.
 30256 | Vaults:3 | Reached XP level 20. HP: 192/192 MP: 16/16
 30738 | Vaults:3 | Reached skill level 15 in Fighting
 31441 | Vaults:4 | Noticed Frederick
 31454 | Vaults:4 | Killed Frederick
 31454 | Vaults:4 | Reached skill level 20 in Evocations
 31798 | Vaults:4 | Noticed Sojobo
 31806 | Vaults:4 | Killed Sojobo
 32066 | Vaults:4 | Noticed Saint Roka
 32087 | Vaults:4 | Killed Saint Roka
 32213 | Vaults:4 | Reached XP level 21. HP: 202/202 MP: 18/18
 32359 | Crypt:1  | Entered Level 1 of the Crypt
 32840 | Crypt:1  | Noticed a greater mummy
 32857 | Crypt:1  | Killed a greater mummy
 33625 | Crypt:2  | Reached skill level 21 in Evocations
 34068 | Crypt:2  | Found an ancient bone altar of Kikubaaqudgha.
 34368 | Crypt:3  | Entered Level 3 of the Crypt
 34761 | Crypt:3  | Reached XP level 22. HP: 214/214 MP: 19/19
 34859 | Crypt:3  | Found a runed door.
 34859 | Crypt:3  | Noticed Dyivuergh's ghost (adept GrFi)
 34889 | Crypt:3  | Killed Dyivuergh's ghost
 35401 | Crypt:3  | Identified the +4 war axe of Pride {flame, Int+4} (You found it on level 3 of the Crypt)
 35412 | Crypt:3  | Found an ancient bone altar of Kikubaaqudgha.
 35427 | Crypt:3  | Noticed a curse toe
 35466 | Crypt:3  | Killed a curse toe
 35496 | Crypt:3  | Found a basalt altar of Yredelemnul.
 35909 | Vaults:5 | Entered Level 5 of the Vaults
 35920 | Vaults:5 | Noticed an ancient lich
 35924 | Vaults:5 | NOT COOL
 35938 | Vaults:5 | Killed an ancient lich
 35938 | Vaults:5 | Reached skill level 22 in Evocations
 36011 | Vaults:5 | Reached XP level 23. HP: 225/225 MP: 19/19
 36148 | Vaults:5 | Reached skill level 23 in Evocations
 36893 | Vaults:5 | Got a silver rune of Zot
 37532 | D:4      | Bought a wand of iceblast (6) for 120 gold pieces
 37532 | D:4      | Bought a wand of clouds (2) for 216 gold pieces
 37532 | D:4      | Bought a wand of clouds (4) for 288 gold pieces
 37532 | D:4      | Bought a wand of iceblast (11) for 180 gold pieces
 37708 | Orc:2    | Bought a wand of acid (10) for 308 gold pieces
 37708 | Orc:2    | Bought a sack of spiders for 220 gold pieces
 37708 | Orc:2    | Bought a wand of acid (12) for 352 gold pieces
 37758 | Elf:1    | Entered Level 1 of the Elven Halls
 37864 | Elf:1    | Identified Zicaul's Tome of Confrontation
 38214 | Elf:1    | Found Qiclido's Gadget Shoppe.
 38215 | Elf:1    | Found Biquseer's Jewellery Shop.
 38216 | Elf:1    | Found Opiric's Gadget Shoppe.
 38221 | Elf:1    | Bought a wand of iceblast (10) for 154 gold pieces
 38225 | Elf:1    | Bought a wand of scattershot (5) for 459 gold pieces
 38227 | Elf:1    | Bought the ring of Fedhas's Hatred {AC+2 Dex+4 Slay+2} for 371 gold pieces
 39014 | Elf:2    | Found a runed gate.
 39022 | Elf:2    | Found a runed gate.
 39023 | Elf:2    | Found a runed gate.
 39074 | Elf:2    | Found Ciugeisch's Antique Armour Shop.
 39308 | Elf:3    | Entered Level 3 of the Elven Halls
 39498 | Elf:3    | Found a radiant altar of Vehumet.
 39730 | Elf:3    | Found Maev's Armour Shoppe.
 39761 | Elf:3    | Reached XP level 24. HP: 237/237 MP: 16/16
 39776 | Elf:3    | Reached skill level 24 in Evocations
 40022 | Elf:3    | Identified the Handbook of Displaced Flames
 40469 | D:4      | Bought a sack of spiders for 240 gold pieces
 40469 | D:4      | Bought a phantom mirror for 360 gold pieces
 40670 | D:15     | Bought a wand of acid (4) for 256 gold pieces
 40670 | D:15     | Bought a scroll of holy word for 120 gold pieces
 40735 | Depths:1 | Entered Level 1 of the Depths
 40817 | Depths:1 | Found Gicavuwu's Magic Scroll Shoppe.
 40817 | Depths:1 | Found Zokkef's Gadget Emporium.
 40839 | Depths:1 | Found Rupnuwn's Weapon Shoppe.
 40844 | Depths:1 | Found Pucvyfes's Book Emporium.
 41125 | Depths:1 | Found a one-way gate leading to the halls of Pandemonium.
 41448 | Depths:1 | You fall through a shaft!
 42160 | Depths:2 | Identified the +8 chain mail of the Six Emperors {*Slow Int+2 Dex+4 Slay+5} (You found it on level 2 of the Depths)
 42365 | Depths:2 | Reached XP level 25. HP: 248/248 MP: 17/17
 42599 | Depths:3 | Found a magical portal.
 42608 | WizLab   | Entered The Roulette of Golubria
 42608 | WizLab   | Found a transporter.
 42611 | WizLab   | Found a corrupted altar of Lugonu.
 42670 | WizLab   | Found a transporter.
 42673 | WizLab   | Found a transporter.
 42692 | WizLab   | Found a transporter.
 42693 | WizLab   | Found a transporter.
 42702 | WizLab   | Found a transporter.
 42710 | WizLab   | Identified the +1 cloak of Blue Skies {rF++ rN++ Int-2} (You found it in a wizard's laboratory)
 42727 | WizLab   | Identified the +1 cloak "Vaast" {+Inv Int+10 Dex-3 Stlth+} (You found it in a wizard's laboratory)
 42825 | Depths:3 | Reached skill level 25 in Evocations
 43029 | Depths:3 | Found a one-way gate to the infinite horrors of the Abyss.
 43493 | Depths:3 | Found a shattered altar of Ashenzari.
 43808 | Depths:3 | Found The Legendary Yziurghach's Legendary Smithy.
 43825 | Depths:3 | Found Ugyduryck's Slaves and Accessories.
 43877 | Depths:3 | Found Jack's Jerk-a-riffic Jerky.
 43932 | Depths:3 | Found Xun Xony's Miraculous Elixirs.
 43968 | Depths:3 | Bought a potion of mutation for 400 gold pieces
 43968 | Depths:3 | Bought a potion of mutation for 400 gold pieces
 43968 | Depths:3 | Bought a potion of mutation for 400 gold pieces
 43968 | Depths:3 | Bought a potion of mutation for 400 gold pieces
 43968 | Depths:3 | Bought a potion of mutation for 400 gold pieces
 43969 | Depths:3 | Gained mutation: You have large cloven feet. [potion of mutation]
 43969 | Depths:3 | Gained mutation: Your muscles are strong. (Str +2) [potion of mutation]
 43969 | Depths:3 | Gained mutation: You are partially covered in iridescent scales. (AC +2) [potion of mutation]
 44093 | Depths:3 | Found an ancient bone altar of Kikubaaqudgha.
 44575 | Depths:4 | Noticed a juggernaut
 44595 | Depths:4 | Killed a juggernaut
 45095 | Depths:5 | Entered Level 5 of the Depths
 45157 | Depths:5 | Reached XP level 26. HP: 249/260 MP: 17/17
 45241 | Depths:5 | Reached skill level 26 in Evocations
 45440 | Depths:5 | Found a gate to the Realm of Zot.
 45556 | Depths:5 | Found a gateway to a ziggurat.
 45951 | Zot:1    | Entered Level 1 of the Realm of Zot
 46172 | Zot:1    | Reached skill level 27 in Evocations
 46245 | Zot:1    | Found a runed door.
 46246 | Zot:1    | Found a shimmering altar of Xom.
 46246 | Zot:1    | Noticed Alojer's ghost (legendary DDFi)
 47468 | Zot:3    | Reached XP level 27. HP: 269/277 MP: 15/15
 48399 | Zot:4    | Found Hirphyqeu's Changing Room.
 48434 | Zot:4    | Bought a potion of mutation for 128 gold pieces
 48434 | Zot:4    | Bought a potion of mutation for 128 gold pieces
 48434 | Zot:4    | Bought a potion of mutation for 128 gold pieces
 48852 | Zot:5    | Entered Level 5 of the Realm of Zot
 49019 | Zot:5    | Noticed an ancient lich
 49025 | Zot:5    | Killed an ancient lich
 49078 | Zot:5    | Noticed an ancient lich
 49096 | Zot:5    | Killed an ancient lich
 49123 | Zot:5    | Noticed an ancient lich
 49125 | Zot:5    | Noticed an orb of fire
 49131 | Zot:5    | Killed an ancient lich
 49137 | Zot:5    | Killed an orb of fire
 49161 | Zot:5    | Noticed an orb of fire
 49169 | Zot:5    | Killed an orb of fire
 49352 | Zot:5    | Got the Orb of Zot
 49371 | Zot:5    | Noticed Argha the pandemonium lord
 49384 | Zot:5    | Killed Argha the pandemonium lord
 49448 | Zot:4    | Noticed Lidisec the pandemonium lord
 49449 | Zot:4    | Killed Lidisec the pandemonium lord
 49449 | Zot:4    | Gained mutation: You are clumsy. (Dex -2) [a neqoxec]
 49450 | Zot:4    | Lost mutation: Your muscles are strong. (Str +2) [a cacodemon]
 49459 | Zot:4    | Gained mutation: Your spells are a little easier to cast, but a little less powerful. [a neqoxec]
 49496 | Zot:2    | Noticed Ojor the pandemonium lord
 49558 | Depths:4 | Noticed Genwinecw the pandemonium lord
 49571 | Depths:4 | Killed Genwinecw the pandemonium lord
 49820 | D:9      | Noticed Elou the pandemonium lord
 49828 | D:9      | Killed Elou the pandemonium lord
 49857 | D:7      | Noticed Ateut the pandemonium lord
 49872 | D:7      | Killed Ateut the pandemonium lord
 49890 | D:6      | Noticed Ifae the pandemonium lord
 49901 | D:6      | Killed Ifae the pandemonium lord
 50066 | D:1      | Noticed Veq Daas the pandemonium lord
 50076 | D:1      | Killed Veq Daas the pandemonium lord
 50106 | D:$      | Escaped with the Orb!

Vault maps used:
D:1:      dpeg_arrival_water_fire, minmay_misc_feat_alley, lemuel_flame_loot_1
D:2:      first_ration, nemelex_dance_club_becter, uniq_robin
D:3:      chequers_ecumenical_altar_simple
D:4:      lemuel_blue_sif_altar, minmay_temple_entry_hall,
          ebering_ghost_disaster_area, serial_shops, nicolae_shop_crystal,
          minivault_24
D:5:      grunt_temple_overflow_forces_of_nature, led_xom_imps,
          lemuel_crystal_altar, wad_floor_pattern_untrapped, uniq_grinder
D:6:      bloody_trog, lemuel_doored_altar
D:7:      nicolae_overflow_crystal_walls, kennysheep_little_box,
          ebering_ghost_disaster_area, the_bakery
D:8:      gammafunk_temple_overflow_elements, marbit_many_paths,
          makhleb_blood_cavern_becter
D:9:      fedhas_bush_and_centaur_altar, uniq_erica
D:10:     lair_entry_dummy, hiddenorc1_lemuel, basic_altar, kennysheep_potato
D:12:     uniq_urug
D:13:     erik_vaults_2
D:14:     hangedman_decor_lopped, uniq_nessos
D:15:     grunt_enter_depths_hoard, nicolae_water_bricks, basic_altar,
          serial_shops, shop
Temple:   kb_temple_of_zot
Lair:1:   minmay_lair_oklob_tunnel, minmay_holes
Lair:2:   elwin_shoals_entry_stream, st_stairs_4, lemuel_fruit_tree,
          grunt_megastairs_4
Lair:3:   minmay_snake_entry_guardpost_small
Lair:4:   regret_index_bee_streams, uniq_josephine
Lair:5:   slime_dummy, zaba_anthell
Lair:6:   evil_forest, gammafunk_ghost_hydra_chop, grunt_megastairs_2
Shoals:1: serial_shops, nicolae_shop_overgrown_old_shop, shop_fountains, shop,
          nicolae_shop_crystal, uniq_frances
Shoals:3: serial_shops, shop
Shoals:4: shoals_end_grunt_ice, uniq_bai_suzhen
Snake:1:  serial_bayou_shore_b
Snake:2:  basic_altar, uniq_vashnia
Snake:4:  snake_pit, serial_bayou_pond_d
Orc:2:    grunt_orc_tribal_feast, uniq_rupert, uniq_snorg
Elf:1:    minmay_elf_annihilation, minmay_shop_grove
Elf:2:    serial_shops, shop_fountains, corexii_checkpoint_a
Elf:3:    elf_hall, basic_altar, serial_shops, shop
Vaults:1: vaults_room_boxed, grunt_vaults_swirl, v_misc_19, v_misc_31, v_misc_5,
          grunt_vaults_funnel, v_pattern_2, ontoclasm_vaults_idyll
Vaults:2: v_misc_5, st_hourglassy, nicolae_vaults_diagonal_hallway_7,
          vaults_room_door_ring, vaults_room_door_hall, v_misc_25,
          nicolae_vaults_theta, nicolae_vaults_big_angled_halls,
          blue_anna_dwarven_crypt, nicolae_vaults_little_squares_3,
          ontoclasm_vaults_chip, hangedman_vaults_variations, v_rooms_5,
          vaults_dpeg_spiral, vaults_room_corners, serial_shops, shop,
          uniq_mennas
Vaults:3: nicolae_vaults_network_barrier, v_misc_2, nicolae_vaults_theta,
          nicolae_vaults_halls_meeting, vaults_mumra_hex,
          vaults_dpeg_encased_lava
Vaults:4: nicolae_vaults_yaktaur_gun_rack, grunt_vaults_hallway_short,
          vaults_room_fancy_cross, hangedman_vaults_stagger, grunt_vaults_focal,
          nicolae_vaults_twisting_passages, hangedman_vaults_corner,
          nicolae_vaults_network_star, v_misc_5, vaults_room_semicircle,
          vaults_room_door_ring, v_misc_22, uniq_frederick, uniq_sojobo,
          uniq_saint_roka
Crypt:1:  lemuel_minitomb
Crypt:2:  cheibrodos_crypt_down_in_the_bonehoard
Crypt:3:  lightli_unholy_cathedral, nicolae_tomb_entry_grand_gallery,
          ebering_ghost_inner_flame, palyth_stone_intersect, minivault_5
Depths:1: grunt_pan_entry_in_and_out, hell_entry, serial_bayou_lagoon_b,
          serial_bayou_shore_b, grunt_megastairs_3, serial_bayou_shore_b,
          minmay_shoptagon
Depths:2: hangedman_cross_veins, hell_entry, rand_demon_pan_entry_1,
          infiniplex_staircase_spiral
Depths:3: grated_community_mu, mu_enter_wizlab_5, nrook_mini_backslash,
          hell_entry, minmay_room_of_horrors, pan_entry,
          kennysheep_generic_room_11
Depths:4: minmay_stepped, hell_entry, hangedman_abyss_entry_splay,
          minmay_misc_feat_five, serial_bayou_lake_a, minmay_staircase_bubble
Depths:5: grunt_x_marks_the_spot, enter_ziggurat_b, grunt_hell_entry_dis_grunt,
          fountainhead, abyss_entry_small_statue_room
Zot:1:    ebering_ghost_xom
Zot:3:    hangedman_zot_decor_scrapings
Zot:4:    nicolae_transmutations_shop
Zot:5:    st_stairs_1, kennysheep_underground_church
WizLab:   wizlab_golubria

Skill      XL: |  1  2  3  4  5  6  7  8  9 10 11 12 13 14 15 16 17 18 19 20 21 22 23 24 25 26 27 |
---------------+----------------------------------------------------------------------------------+-----
Dodging        | 1 2 3 4 5 6 7 8 9 10 | 10.0
Fighting       | 3 4 5 6 7 8 9 10 11 12 13 14 15 16 17 18 19 22 26 | 26.6
Axes           | 3 4 5 6 7 8 10 11 12 13 14 15 16 17 18 19 21 | 21.8
Shields        | 4 5 6 7 8 9 10 11 12 13 14 15 16 17 18 19 20 21 22 | 22.8
Armour         | 4 5 6 7 8 9 10 11 12 13 14 15 16 17 18 19 21 22 | 22.0
Evocations     | 2 3 5 6 8 9 10 12 13 14 16 17 18 19 20 21 22 23 24 25 27 | 27.0
Invocations    | 2 5 7 8 |  8.0

Action                   |  1- 3 |  4- 6 |  7- 9 | 10-12 | 13-15 | 16-18 | 19-21 | 22-24 | 25-27 || total
-------------------------+-------+-------+-------+-------+-------+-------+-------+-------+-------++-------
Melee: War axe           |    50 |       |       |       |   497 |       |       |       |       ||   547
       Dagger            |    36 |   162 |   384 |   771 |   755 |       |       |       |       ||  2108
       Hand axe          |       |       |       |    17 |       |       |       |       |       ||    17
       Broad axe         |       |       |       |       |   238 |  1303 |  1529 |  1403 |  1800 ||  6273
Throw: Throwing net      |       |       |       |     1 |       |       |       |       |       ||     1
Invok: Minor Destruction |       |       |       |     7 |    25 |       |     2 |       |       ||    34
       Lesser Servant of |       |       |       |     2 |    22 |    14 |     4 |     6 |       ||    48
       Major Destruction |       |       |       |       |       |     4 |       |       |       ||     4
 Abil: Heal Wounds       |     1 |     2 |     6 |    18 |    25 |    17 |     9 |    12 |    19 ||   109
Evoke: Wand              |       |       |       |    12 |    34 |    53 |     6 |    31 |    88 ||   224
       Lightning rod     |       |       |       |       |     7 |     6 |     4 |       |       ||    17
       Lamp of fire      |       |       |       |       |       |       |     2 |     1 |       ||     3
       Sack of spiders   |       |       |       |       |       |       |       |       |     3 ||     3
  Use: Scroll            |       |     1 |    10 |     7 |    20 |     8 |     5 |     9 |    21 ||    81
       Potion            |       |       |       |     1 |     2 |     4 |     2 |     5 |     4 ||    18
 Stab: Paralysed         |       |       |       |    30 |     8 |       |       |       |     4 ||    42
       Distracted        |       |       |       |     2 |     1 |     1 |     1 |     5 |     2 ||    12
       Held in net/web   |       |       |       |     1 |       |       |       |       |     1 ||     2
  Eat: Chunk             |     1 |     5 |     9 |    15 |    53 |    19 |    15 |     2 |    20 ||   139
       Ration            |       |     1 |       |     1 |       |     1 |     2 |     7 |     5 ||    17
Armor: Scale mail        |    47 |    40 |       |       |       |       |       |       |       ||    87
       Chain mail        |       |     7 |   158 |    58 |   296 |   315 |       |     3 |   105 ||   942
       Plate armour      |       |       |       |   404 |   419 |       |       |   352 |       ||  1175
       Swamp dragon scal |       |       |       |       |       |   156 |   443 |    99 |       ||   698
       Skin              |       |       |       |       |       |       |       |    17 |       ||    17
       Gold dragon scale |       |       |       |       |       |       |       |       |   499 ||   499
Dodge: Dodged            |    24 |    42 |   123 |   418 |   622 |   426 |   358 |   315 |   329 ||  2657
Block: Shield            |    50 |    76 |   214 |   645 |  1238 |   809 |   137 |       |       ||  3169
       Reflection        |       |       |       |       |    19 |   169 |    96 |    83 |    73 ||   440
       Large shield      |       |       |       |       |       |   717 |  1334 |  1447 |  1868 ||  5366

Table legend:
 A = Spawn XP
 B = Non-spawn XP
 C = Spawn XP percentage of total XP
 D = Spawn monster count
 E = Non-spawn monster count
 F = Spawn count percentage of total count
 G = Total turns spent on level
                    A         B        C        D         E        F      G
               +---------+---------+-------+---------+---------+-------+---------
         Total |     501 | 1762751 |   0.0 |       2 |    2540 |   0.1 | 50106
               +---------+---------+-------+---------+---------+-------+---------
           D:1 |       0 |      54 |   0.0 |       0 |      19 |   0.0 |  1253
           D:2 |       0 |     117 |   0.0 |       0 |      37 |   0.0 |   707
           D:3 |       0 |      54 |   0.0 |       0 |      15 |   0.0 |   656
           D:4 |       0 |      97 |   0.0 |       0 |       9 |   0.0 |   608
           D:5 |       0 |    1121 |   0.0 |       0 |      25 |   0.0 |  1181
           D:6 |       0 |    1017 |   0.0 |       0 |      25 |   0.0 |   677
           D:7 |       0 |    1079 |   0.0 |       0 |      31 |   0.0 |  1094
           D:8 |       0 |     687 |   0.0 |       0 |      13 |   0.0 |   628
           D:9 |       0 |    4076 |   0.0 |       0 |      31 |   0.0 |  1229
          D:10 |       0 |    1911 |   0.0 |       0 |      26 |   0.0 |  1007
          D:11 |       0 |    1531 |   0.0 |       0 |      18 |   0.0 |   564
          D:12 |       0 |    8415 |   0.0 |       0 |      50 |   0.0 |   996
          D:13 |       0 |   11672 |   0.0 |       0 |      33 |   0.0 |  1069
          D:14 |       0 |   10148 |   0.0 |       0 |      31 |   0.0 |  1303
          D:15 |       0 |   10653 |   0.0 |       0 |      26 |   0.0 |  1185
        Lair:1 |       0 |    5686 |   0.0 |       0 |      19 |   0.0 |  1026
        Lair:2 |       0 |    6924 |   0.0 |       0 |      24 |   0.0 |   852
        Lair:3 |       0 |    5598 |   0.0 |       0 |      19 |   0.0 |  1127
        Lair:4 |       0 |   15353 |   0.0 |       0 |      81 |   0.0 |  1320
        Lair:5 |       0 |   11423 |   0.0 |       0 |      69 |   0.0 |   673
        Lair:6 |       0 |   16384 |   0.0 |       0 |      59 |   0.0 |  1230
      Shoals:1 |       0 |   10194 |   0.0 |       0 |      24 |   0.0 |   600
      Shoals:2 |       0 |   23698 |   0.0 |       0 |      43 |   0.0 |   808
      Shoals:3 |       0 |    5711 |   0.0 |       0 |      11 |   0.0 |   533
      Shoals:4 |       0 |   45451 |   0.0 |       0 |      73 |   0.0 |  1221
       Snake:1 |       0 |   13532 |   0.0 |       0 |      28 |   0.0 |  1171
       Snake:2 |       0 |   27742 |   0.0 |       0 |      44 |   0.0 |   576
       Snake:3 |       0 |    7629 |   0.0 |       0 |      13 |   0.0 |   924
       Snake:4 |       0 |   46754 |   0.0 |       0 |      78 |   0.0 |  1047
         Orc:1 |       0 |    1838 |   0.0 |       0 |      19 |   0.0 |   443
         Orc:2 |       0 |   14942 |   0.0 |       0 |      69 |   0.0 |   880
         Elf:1 |       0 |   21380 |   0.0 |       0 |      36 |   0.0 |   907
         Elf:2 |       0 |   22306 |   0.0 |       0 |      44 |   0.0 |   721
         Elf:3 |       0 |   67112 |   0.0 |       0 |      73 |   0.0 |   943
      Vaults:1 |       0 |   59178 |   0.0 |       0 |      99 |   0.0 |  1283
      Vaults:2 |       0 |   70688 |   0.0 |       0 |     106 |   0.0 |  1374
      Vaults:3 |       0 |   86618 |   0.0 |       0 |     109 |   0.0 |  1155
      Vaults:4 |       0 |   55971 |   0.0 |       0 |      59 |   0.0 |  1220
      Vaults:5 |       0 |  152010 |   0.0 |       0 |     148 |   0.0 |  1337
       Crypt:1 |       0 |   45675 |   0.0 |       0 |      69 |   0.0 |   774
       Crypt:2 |       0 |   53542 |   0.0 |       0 |      61 |   0.0 |  1285
       Crypt:3 |       0 |   86162 |   0.0 |       0 |      91 |   0.0 |  1415
      Depths:1 |       0 |   60258 |   0.0 |       0 |      92 |   0.0 |   732
      Depths:2 |       0 |   60829 |   0.0 |       0 |      74 |   0.0 |  1139
      Depths:3 |       0 |   75556 |   0.0 |       0 |     102 |   0.0 |  1451
      Depths:4 |       0 |   71042 |   0.0 |       0 |      55 |   0.0 |   977
      Depths:5 |       0 |   80976 |   0.0 |       0 |      51 |   0.0 |   879
         Zot:1 |       0 |   65984 |   0.0 |       0 |      42 |   0.0 |   790
         Zot:2 |       0 |   40424 |   0.0 |       0 |      28 |   0.0 |   761
         Zot:3 |       0 |   71271 |   0.0 |       0 |      43 |   0.0 |   709
         Zot:4 |       0 |   35210 |   0.0 |       0 |      21 |   0.0 |   729
         Zot:5 |       0 |  162773 |   0.0 |       0 |      62 |   0.0 |   593
       Abyss:2 |     501 |     616 |  44.9 |       2 |       3 |  40.0 |    92
        WizLab |       0 |    5679 |   0.0 |       0 |      10 |   0.0 |   160
               +---------+---------+-------+---------+---------+-------+---------
